 Dungeon Crawl Stone Soup version 0.16-a0-148-g3b84123 (webtiles) character file.

198 Sachiko the Cutter (level 6, -12/58 HPs)
             Began as a Kobold Berserker on Aug 16, 2014.
             Was a Priest of Trog.
             Mangled by Duvessa
             ... wielding a +0 cutlass
              (17 damage)
             ... on Level 4 of the Dungeon.
             The game lasted 00:09:19 (2955 turns).

Sachiko the Cutter (Kobold Berserker)               Turns: 2955, Time: 00:09:20

HP -12/58        AC  3     Str 22      XL: 6   Next:  6%
MP   6/6         EV 18     Int  5      God: Trog [***...]
Gold 181         SH  0     Dex 20      Spells:  0 memorised,  5 levels left

rFire  . . .     SeeInvis .     a - +0 short sword
rCold  . . .     Clarity  .     b - +1 animal skin
rNeg   . . .     rCorr    .     (no shield)
rPois  .         rRot     .     (no helmet)
rElec  .         Spirit   .     (no cloak)
SustAb +         Warding  .     (no gloves)
rMut   .         Stasis   .     (no boots)
Gourm  .                        j - amulet of faith
MR     .....                    q - +4 ring of dexterity
                                n - ring of sustain abilities

@: berserking (expiring), glowing, very quick, not resistant to hostile
enchantments, extremely unstealthy
A: carnivore 3
a: Burn Spellbooks, Berserk, Trog's Hand, Renounce Religion


You were on level 4 of the Dungeon.
You worshipped Trog.
Trog was most pleased with you.
You were not hungry.

You visited 1 branch of the dungeon, and saw 4 of its levels.

You collected 181 gold pieces.

Inventory:

Hand weapons
 a - a +0 short sword (weapon)
Armour
 b - a +1 animal skin (worn)
Comestibles
 c - 4 meat rations
 g - a slice of pizza
 i - a beef jerky
Scrolls
 h - a scroll of enchant armour
 l - a scroll of teleportation
 m - a scroll of blinking
 s - a scroll of identify
Jewellery
 j - an amulet of faith (around neck)
 k - an uncursed ring of magical power
 n - a ring of sustain abilities (left hand)
 o - an uncursed ring of positive energy
 p - an uncursed ring of positive energy
 q - a +4 ring of dexterity (right hand)
Potions
 d - a potion of poison {unknown}
 e - a potion of might {unknown}
 f - a potion of agility
 r - a potion of heal wounds {unknown}
 t - a potion of decay {unknown}


   Skills:
 * Level 4.7 Fighting
 * Level 6.0 Short Blades
 - Level 1.5 Armour
 + Level 4.2 Dodging


You had 5 spell levels left.
You didn't know any spells.

Dungeon Overview and Level Annotations

Branches:
Dungeon (4/15)
 Temple: D:4-7

Altars:
Fedhas
Sif Muna

Annotations:
D:4 Duvessa


Innate Abilities, Weirdness & Mutations

You are small and have problems with some larger weapons.
You are carnivorous and can eat meat at any time.


Message History

* * * LOW HITPOINT WARNING * * *
You hit Duvessa.
Duvessa is severely wounded.
The bat closely misses you.
You hit Duvessa but do no damage.
Duvessa is severely wounded.
Duvessa hits you with a cutlass.
* * * LOW HITPOINT WARNING * * *
The bat barely misses you.
You hit Duvessa.
Duvessa is severely wounded.
The bat hits you but does no damage. Duvessa hits you with a cutlass.
* * * LOW HITPOINT WARNING * * *
You are too berserk!
Unknown command.
You are too berserk!
You puncture Duvessa!
Duvessa is almost dead.
Duvessa hits you with a cutlass!
You die...

## #⌠# ##..+
##..⌠#
##...# #⌠..#
#.<.# #⌠(e##
. ##.@b##
...
##..)#......
##....#
##⌠#..#
###.# ... .


You could see Duvessa (berserk) and a bat.

Vanquished Creatures
  Dowan (D:4)
  A worker ant (D:4)
  8 adders
  A giant mite (D:1)
  A worm (D:3)
  2 orcs (D:3)
  4 giant cockroaches (D:1)
  7 hobgoblins
  5 jackals
  A ball python (D:1)
  6 bats
  2 giant newts
  6 goblins
  9 kobolds
  12 rats
66 creatures vanquished.

Notes
Turn   | Place    | Note
--------------------------------------------------------------
     0 | D:1      | Sachiko, the Kobold Berserker, began the quest for the Orb.
     0 | D:1      | Reached XP level 1. HP: 14/14 MP: 1/1
   118 | D:1      | Reached XP level 2. HP: 13/19 MP: 2/2
   330 | D:1      | Reached XP level 3. HP: 8/24 MP: 3/3
   458 | D:1      | Reached skill level 5 in Short Blades
   806 | D:1      | Acquired Trog's second power
  1045 | D:2      | Reached XP level 4. HP: 12/29 MP: 4/4
  1967 | D:3      | Reached XP level 5. HP: 17/33 MP: 5/5
  2148 | D:3      | Found a blossoming altar of Fedhas.
  2404 | D:3      | Found a deep blue altar of Sif Muna.
  2896 | D:4      | Noticed Dowan
  2937 | D:4      | Noticed Duvessa
  2943 | D:4      | Killed Dowan
  2943 | D:4      | Reached skill level 6 in Short Blades
  2943 | D:4      | Reached XP level 6. HP: 39/39 MP: 6/6
  2955 | D:4      | Mangled by Duvessa

Action                   |  1- 3 |  4- 6 || total
-------------------------+-------+-------++-------
Melee: Short sword       |   119 |   126 ||   245
Invok: Berserk           |     4 |     6 ||    10
  Use: Potion            |     3 |       ||     3
       Scroll            |     2 |     6 ||     8
 Stab: Sleeping          |       |     2 ||     2
  Eat: Chunk             |    10 |     7 ||    17
       Beef jerky        |       |     1 ||     1
